 Dungeon Crawl Stone Soup version 0.31-a0-654-gbe3e110b4e (webtiles) character file.

Game seed: 16253025730732478347

140 cforsyth the Charlatan (level 5, 0/40 HPs)
             Began as a Gnoll Artificer on Aug 30, 2023.
             Killed from afar by Natasha (7 damage)
             ... with a magic dart
             ... on level 2 of the Dungeon.
             The game lasted 00:02:14 (1824 turns).

cforsyth the Charlatan (Gnoll Artificer)            Turns: 1824, Time: 00:02:15

Health: 0/40       AC:  3    Str: 12    XL:     5   Next: 23%
Magic:  7/7        EV: 10    Int: 12    God:
Gold:   75         SH:  7    Dex: 12    Spells: 6/6 levels left

rFire   . . .        n - +0 long sword
rCold   . . .        f - +0 kite shield
rNeg    . . .        b - +0 leather armour
rPois   .            (no helmet)
rElec   .            (no cloak)
rCorr   .            (no gloves)
SInv    .            (no boots)
Will    .....        (no amulet)
Stlth   ++           (no ring)
HPRegen 0.26/turn    (no ring)
MPRegen 0.10/turn

%: no passive effects
@: no status effects
A: fangs 1, strong nose, distributed training
a: no special abilities


You were on level 2 of the Dungeon.
You visited 1 branch of the dungeon, and saw 2 of its levels.

You collected 75 gold pieces.

Inventory:

Hand Weapons
 n - a +0 long sword (weapon)
Missiles
 h - 13 poisoned darts
Armour
 b - a +0 leather armour (worn)
 f - a +0 kite shield (worn)
Wands
 c - a wand of flame (7) (quivered)
 d - a wand of charming (15)
 e - a wand of iceblast (5)
Scrolls
 k - 3 scrolls of identify {unknown}
 o - a scroll of revelation {unknown}
 p - a scroll of poison {unknown}
Potions
 a - a potion of attraction {unknown}
 g - a potion of haste {unknown}
 i - a potion of lignification {unknown}
 j - a potion of magic {unknown}
 l - 2 potions of mutation {unknown}
 m - a potion of curing {unknown}


   Skills:
 + Level 2.9 Fighting
 + Level 1.4 Short Blades
 + Level 1.4 Long Blades
 + Level 1.4 Axes
 + Level 1.4 Maces & Flails
 + Level 1.4 Polearms
 + Level 1.4 Staves
 + Level 1.4 Ranged Weapons
 + Level 1.4 Throwing
 + Level 4.7 Armour
 + Level 2.9 Dodging
 + Level 2.7 Stealth
 + Level 1.4 Shields
 + Level 1.4 Unarmed Combat
 + Level 1.4 Spellcasting
 + Level 1.1 Conjurations
 + Level 1.1 Hexes
 + Level 1.1 Summonings
 + Level 1.1 Necromancy
 + Level 1.1 Translocations
 + Level 1.1 Transmutations
 + Level 1.1 Fire Magic
 + Level 1.1 Ice Magic
 + Level 1.1 Air Magic
 + Level 1.1 Earth Magic
 + Level 1.1 Poison Magic
 + Level 1.6 Invocations
 + Level 6.7 Evocations
 + Level 1.3 Shapeshifting


You had 6 spell levels left.
You didn't know any spells.
Your spell library contained the following spells:

 Spells                   Type           Power      Damage    Failure   Level
 Summon Small Mammal      Summ           12%        N/A       67%         1
 Call Canine Familiar     Summ           3%         N/A       96%         3
 Summon Guardian Golem    Hex/Summ       3%         N/A       96%         3


Dungeon Overview and Level Annotations

Branches:
Dungeon (2/15)

Altars:

Shops:
D:2 (

Annotations:
D:2 Natasha


Innate Abilities, Weirdness & Mutations

You have very sharp teeth.
Your uncanny sense of smell can sniff out nearby items.
Your experience applies equally to all skills.


Message History

You are too injured to fight recklessly!
You are too injured to fight recklessly!
You are too injured to fight recklessly!
You are too injured to fight recklessly!
You are too injured to fight recklessly!
You are too injured to fight recklessly!
You are too injured to fight recklessly!
You are too injured to fight recklessly!
You barely miss the adder.
The adder is severely wounded.
You feel sick. The adder bites you but does no damage.
You block the adder's attack.
You miss the adder.
The adder is severely wounded.
You feel sick. The adder bites you but does no damage.
The adder barely misses you.
Natasha, Servant of Life and Death comes into view.
You miss the adder.
The adder is severely wounded.
You feel sick. The adder closely misses you. You block the adder's attack.
Natasha claws you.
* * * LOW HITPOINT WARNING * * *
Unknown command.
Aiming: Throw Flame
Press: ? - help, Shift-Dir - straight line, f - adder
Aim: an adder (severely wounded, 57% to hit)
The puff of flame hits the adder!
You kill the adder!
You feel sick. You block Natasha's attack.
Aiming: Throw Flame
Press: ? - help, Shift-Dir - straight line, f - Natasha
Aim: Natasha (67% to hit)
The puff of flame hits Natasha.
Natasha is moderately wounded.
You feel sick.
You are no longer poisoned.
Natasha stares at you and mumbles some strange words.
The magic dart hits you!
You die...
Natasha curls up and begins to purr.

#.# #......##.#
#.# #......##.#
#.# #.####.##.#
#.###.####.##.#
#.##..........#
#..........####
####..######
#########..###
......†@h....#
#########.##.#
..# .# ### #


You could see Natasha.

Vanquished Creatures
  A scorpion (D:2)
  Natasha (D:2)
  2 adders (D:2)
  A dart slug (D:1)
  4 endoplasms (D:1)
  A giant cockroach (D:1)
  3 goblins
  2 hobgoblins
  4 jackals
  3 kobolds (D:1)
  3 quokkas (D:1)
  2 ball pythons (D:2)
  4 bats
  5 frilled lizards
  A rat (D:2)
37 creatures vanquished.

Notes
Turn   | Place    | Note
-------+----------+-------------------------------------------
     0 | D:1      | cforsyth the Gnoll Artificer began the quest for the Orb.
     0 | D:1      | Reached XP level 1. HP: 17/17 MP: 1/1
   163 | D:1      | Reached XP level 2. HP: 19/23 MP: 2/2
   246 | D:1      | Found a faded altar of an unknown god.
  1124 | D:2      | Reached XP level 3. HP: 28/28 MP: 3/3
  1336 | D:2      | Reached skill level 1 in Invocations
  1387 | D:2      | Found Joigyjut's Antique Weapon Shop.
  1583 | D:2      | Noticed a scorpion
  1589 | D:2      | Killed a scorpion
  1590 | D:2      | Reached skill level 1 in Short Blades
  1590 | D:2      | Reached skill level 1 in Long Blades
  1590 | D:2      | Reached skill level 1 in Axes
  1590 | D:2      | Reached skill level 1 in Maces & Flails
  1590 | D:2      | Reached skill level 1 in Polearms
  1590 | D:2      | Reached skill level 1 in Staves
  1590 | D:2      | Reached skill level 1 in Ranged Weapons
  1590 | D:2      | Reached skill level 1 in Throwing
  1590 | D:2      | Reached skill level 1 in Shields
  1590 | D:2      | Reached skill level 1 in Unarmed Combat
  1590 | D:2      | Reached skill level 1 in Spellcasting
  1590 | D:2      | Reached skill level 1 in Conjurations
  1590 | D:2      | Reached skill level 1 in Hexes
  1590 | D:2      | Reached skill level 1 in Summonings
  1590 | D:2      | Reached skill level 1 in Necromancy
  1590 | D:2      | Reached skill level 1 in Translocations
  1590 | D:2      | Reached skill level 1 in Transmutations
  1590 | D:2      | Reached skill level 1 in Fire Magic
  1590 | D:2      | Reached skill level 1 in Ice Magic
  1590 | D:2      | Reached skill level 1 in Air Magic
  1590 | D:2      | Reached skill level 1 in Earth Magic
  1590 | D:2      | Reached skill level 1 in Poison Magic
  1590 | D:2      | Reached skill level 1 in Shapeshifting
  1590 | D:2      | Reached XP level 4. HP: 34/34 MP: 5/5
  1633 | D:2      | Noticed Natasha
  1642 | D:2      | Killed Natasha
  1643 | D:2      | Reached XP level 5. HP: 16/40 MP: 5/7
  1821 | D:2      | Noticed Natasha
  1824 | D:2      | Killed from afar by Natasha

Illustrated notes

Levels and vault maps discovered:
D:1:      beargit_arrival_diablo_church, layout_basic,
          ebering_ecumenical_altar_mist, bh_walls_and_bars
D:2:      layout_loops_ring, serial_shops, shop, serial_rivers,
          chequers_serial_rivers_micro_d, chequers_serial_rivers_small_a,
          chequers_serial_rivers_marsh, chequers_serial_rivers_small_a,
          chequers_serial_rivers_small_b, uniq_natasha

Skill      XL: |  1  2  3 |
---------------+----------+-----
Invocations    | 1 |  1.6
Short Blades   | 1 |  1.4
Long Blades    | 1 |  1.4
Axes           | 1 |  1.4
Maces & Flails | 1 |  1.4
Polearms       | 1 |  1.4
Staves         | 1 |  1.4
Ranged Weapons | 1 |  1.4
Throwing       | 1 |  1.4
Shields        | 1 |  1.4
Unarmed Combat | 1 |  1.4
Spellcasting   | 1 |  1.4
Conjurations   | 1 |  1.1
Hexes          | 1 |  1.1
Summonings     | 1 |  1.1
Necromancy     | 1 |  1.1
Translocations | 1 |  1.1
Transmutations | 1 |  1.1
Fire Magic     | 1 |  1.1
Ice Magic      | 1 |  1.1
Air Magic      | 1 |  1.1
Earth Magic    | 1 |  1.1
Poison Magic   | 1 |  1.1
Shapeshifting  | 1 |  1.3
Fighting       | |  2.9
Armour         | |  4.7
Dodging        | |  2.9
Stealth        | |  2.7
Evocations     | |  6.7

Action                     |  1- 3 |  4- 6 || total
---------------------------+-------+-------++-------
  Melee: Club              |    80 |       ||    80
         Bite              |    11 |     2 ||    13
         Long sword        |    53 |    16 ||    69
  Evoke: Wand              |     4 |     4 ||     8
   Stab: Sleeping          |     4 |       ||     4
 Armour: Leather armour    |    52 |     5 ||    57
  Dodge: Dodged            |    74 |     6 ||    80
  Block: Kite shield       |    72 |     9 ||    81

Table legend: (Time is in decaauts)
 A = Elapsed time spent in this place.
 B = Non-inter-level travel time spent in this place.
 C = Inter-level travel time spent in this place.
 D = Time resting spent in this place.
 E = Time spent auto-exploring this place.
 F = Levels seen in this place.
 G = Mean time per level.
                   A        B        C        D        E       F      G
               +--------+--------+--------+--------+--------+-----+--------+
         Total |   1916 |   1889 |     27 |    247 |   1214 |   2 |  958.0 |
       Dungeon |   1916 |   1889 |     27 |    247 |   1214 |   2 |  958.0 |
               +--------+--------+--------+--------+--------+-----+--------+

Top non-repeatable levels by time:
     D:1: 1250 daAuts
     D:2: 665 daAuts
